Map: Cactus Valley LE (Void)

Players

BBKSniper

  • Race: Protoss Protoss
  • League: Grandmaster

Javert - Winner!

  • Race: Zerg Zerg
  • League: Grandmaster

VOD

Have the link to the VOD?

Description

Time

  • Played on: July 11, 2015, 9:45 p.m.
  • Length: 9:35
Show
View Real Time Build Order
Export as new Build Order

BBKSniper Protoss 

Build Orders:  

Get SALT Encoding   

  12  0:01  Probe  
  13  0:13  Probe  
  14  0:19  Pylon  
  14  0:38  Probe (Chrono Boost)  
  15  0:46  Probe (Chrono Boost)  
  16  0:55  Probe (Chrono Boost)  
  17  1:07  Probe (Chrono Boost)  
  17  1:08  Nexus  
  18  1:15  Probe (Chrono Boost)  
  19  1:24  Probe  
  20  1:36  Probe (Chrono Boost)  
  21  1:42  Pylon  
  21  1:46  Probe (Chrono Boost)  
  22  2:00  Probe  
  23  2:04  Pylon  
  23  2:08  Nexus  
  23  2:12  Probe (Chrono Boost)  
  25  2:23  Probe (Chrono Boost)  
  25  2:26  Probe (Chrono Boost)  
  25  2:29  Probe  
  27  2:35  Probe  
  28  2:40  Pylon  
  28  2:41  Probe  
  28  2:44  Pylon  
  29  2:47  Probe  
  29  2:53  Probe  
  30  2:59  Gateway, Probe  
  30  3:03  Gateway  
  31  3:06  Probe (Chrono Boost), Pylon  
  31  3:10  Pylon  
  33  3:16  Probe (Chrono Boost)  
  33  3:18  Probe (Chrono Boost), Forge  
  34  3:26  Probe (Chrono Boost)  
  37  3:29  Probe (Chrono Boost)  
  37  3:32  Probe (Chrono Boost)  
  38  3:35  Probe (Chrono Boost), Assimilator  
  38  3:37  Probe (Chrono Boost)  
  38  3:39  Assimilator  
  39  3:45  Probe (Chrono Boost)  
  42  3:48  Zealot  
  42  3:52  Probe  
  42  3:53  Photon Cannon  
  43  3:56  Photon Cannon  
  43  4:01  Gateway  
  43  4:04  Gateway  
  43  4:08  Pylon  
  43  4:13  Gateway  
  43  4:14  Gateway  
  43  4:19  Pylon  
  43  4:23  Photon Cannon  
  41  4:24  Probe (Chrono Boost)  
  43  4:32  Probe (Chrono Boost)  
  43  4:35  Probe (Chrono Boost)  
  43  4:36  Probe (Chrono Boost)  
  45  4:41  Probe (Chrono Boost)  
  45  4:44  Probe (Chrono Boost), Gateway  
  48  4:45  Probe (Chrono Boost)  
  48  4:47  Photon Cannon  
  48  4:48  Probe (Chrono Boost)  
  48  4:49  Photon Cannon  
  48  4:51  Probe  
  48  4:52  Pylon  
  50  4:54  Probe  
  50  4:59  Probe  
  48  5:03  Probe  
  48  5:12  Probe, Zealot  
  48  5:13  Zealot  
  53  5:15  Zealot  
  53  5:16  Zealot  
  53  5:19  Zealot  
  53  5:20  Zealot  
  61  5:23  Assimilator  
  61  5:24  Probe  
  61  5:27  Assimilator  
  62  5:29  Cybernetics Core  
  62  5:37  Probe (Chrono Boost)  
  62  5:39  Zealot  
  62  5:40  Zealot  
  68  5:47  Probe (Chrono Boost)  
  68  5:57  Probe x2, Zealot  
  68  5:58  Zealot  
  68  6:10  Probe  
  67  6:12  Twilight Council  
  67  6:23  Probe (Chrono Boost)  
  68  6:28  Pylon  
  68  6:29  Pylon  
  68  6:30  Pylon  
  68  6:31  Pylon  
  68  6:34  Pylon  
  68  6:40  Zealot x2  
  68  6:43  Probe (Chrono Boost)  
  68  6:46  Zealot  
  69  6:53  Photon Cannon  
  65  6:55  Probe, Photon Cannon  
  65  6:58  Photon Cannon  
  66  7:07  Probe  
  67  7:16  Photon Cannon  
  67  7:19  Probe  
  67  7:20  Photon Cannon  
  67  7:22  Photon Cannon  
  68  7:29  Templar Archives  
  70  7:30  Dark Shrine  
  70  7:34  Gateway  
  70  7:35  Gateway  
  63  7:50  Forge  
  63  7:53  Pylon x2  
  63  7:55  Pylon  
  63  7:57  Pylon  
  51  8:15  Pylon  
  51  8:17  Pylon  
  49  8:20  Pylon  
  49  8:21  Pylon  
  47  8:32  Pylon  
  47  8:35  Pylon  
  47  8:36  Pylon  
  47  8:37  Pylon  
  49  8:41  Mothership Core  
  49  8:47  High Templar  
  53  8:48  High Templar  
  53  8:49  High Templar  
  57  8:55  Gateway  
  57  8:57  Gateway  
  57  9:00  Gateway  
Show
View Real Time Build Order
Export as new Build Order

Javert Zerg - Winner!

Build Orders: Hatch First 

Get SALT Encoding   

  12  0:01  Drone  
  13  0:13  Overlord  
  13  0:19  Drone  
  14  0:32  Drone x2  
  16  0:51  Hatchery  
  16  0:54  Drone  
  16  0:56  Extractor  
  15  0:57  Drone  
  15  1:01  Drone  
  17  1:08  Drone  
  18  1:23  Spawning Pool  
  18  1:25  Drone  
  18  1:32  Drone  
  19  1:43  Overlord  
  19  2:03  Drone x2  
  21  2:10  Queen  
  21  2:11  Metabolic Boost  
  21  2:13  Queen  
  25  2:16  Zergling x4  
  27  2:29  Zergling x4  
  30  2:30  Zergling x2  
  30  2:45  Drone x3  
  33  2:59  Zergling x4  
  33  3:00  Zergling x2  
  36  3:15  Overlord  
  36  3:33  Zergling x8  
  40  3:50  Drone x4  
  44  4:03  Hatchery  
  44  4:09  Drone, Overlord  
  44  4:13  Overlord x2  
  44  4:15  Lair  
  42  4:24  Drone  
  42  4:32  Overlord  
  42  4:35  Roach Warren  
  42  4:37  Drone x7  
  42  4:38  Extractor  
  47  4:47  Drone x3  
  47  4:49  Queen  
  50  5:04  Zergling x12  
  54  5:19  Extractor  
  53  5:21  Overlord, Extractor  
  53  5:22  Queen  
  53  5:25  Roach x6  
  66  5:46  Evolution Chamber  
  66  5:47  Drone x2  
  66  5:48  Evolution Chamber  
  66  5:57  Drone x12  
  72  6:06  Drone x3  
  72  6:07  Glial Reconstitution  
  75  6:12  Ravager x4  
  75  6:13  Ravager  
  75  6:15  Ravager  
  81  6:19  Drone x2  
  81  6:20  Drone  
  81  6:23  Overseer  
  84  6:32  Drone x2, Spine Crawler  
  83  7:05  Overseer  
  83  7:08  Roach x3  
  88  7:33  Zergling x4  
  88  7:35  Overlord x3  
  90  7:49  Hydralisk Den  
  89  7:52  Drone, Overlord, Extractor  
  89  7:53  Overlord, Extractor  
  88  8:17  Roach x15  
  88  8:18  Roach  
  120  8:22  Drone x4  
  122  8:31  Ravager  
  123  8:44  Spire  
  122  8:51  Spine Crawler x2  
  122  8:52  Spine Crawler  
  119  8:57  Roach x5  
  119  8:59  Overlord x2  
  119  9:01  Drone  
  130  9:04  Spine Crawler  
  130  9:06  Spine Crawler  
  130  9:07  Spine Crawler, Overseer  
  130  9:08  Overseer  
  127  9:16  Drone  
  127  9:17  Drone  
  127  9:20  Infestation Pit  
Tags
 
Add a new tag
Caveats
  • Supply blocks, unpowered buildings, or Contaminate may cause inaccurate times.
  • Supply counts are checked every 10 seconds.